AoeStats
← ♚ Cartman ★

Black Forest

505986517Analyzed
3v3 RM · 21d ago on Sep 11, 2026· 56m 5s· 6 players
Game mode
Random Map
Map size
Normal (6 player)
Population
200
Speed
Normal
Resources
Standard
Victory
Conquest
Starting age
Dark Age
Ending age
Imperial Age
RankedLock teamsTeams togetherTeam positionsShared explorationLock speedFull tech treeHidden civsTurbo modeCheats
Victory
Defeat
🇪🇸 Spanish · Spain
539
+18
🇪🇸 Goths · Spain
527
+18
🇪🇸 Khmer · Spain
518
+22
🇦🇷 Portuguese · Argentina
602
-19
🇦🇷 Britons · Argentina
589
-19
🇺🇸 Cumans · United States
527
-16
♚ Cartman ★
18:45 Feudal Age
18:50 Man-at-Arms
21:40 Wheelbarrow
20:52 Town Watch
23:59 Scale Mail Armor
24:08 Stone Mining
24:08 Horse Collar
25:35 Gold Mining
28:27 Arson
47:00 Double-Bit Axe
plouga
0:43 Loom
13:43 Feudal Age
16:20 Double-Bit Axe
16:19 Horse Collar
19:01 Wheelbarrow
18:12 Town Watch
21:02 Gold Mining
28:19 Castle Age
27:39 Stone Mining
29:12 Bow Saw
29:09 Heavy Plow
29:49 Gold Shaft Mining
29:02 Fishing Lines
31:28 Bloodlines
30:39 Light Cavalry
32:14 Forging
31:55 Fletching
32:05 Padded Archer Armor
32:11 Scale Barding Armor
patricio.rodriguez92
5:57 Loom
21:12 Feudal Age
22:14 Double-Bit Axe
23:12 Wheelbarrow
22:54 Gold Mining
28:51 Castle Age
26:51 Horse Collar
28:19 Stone Mining
30:51 Hand Cart
34:41 Forging
34:32 Scale Mail Armor
35:07 Pikeman
36:06 Chain Mail Armor
36:27 Iron Casting
37:11 Man-at-Arms
38:58 Bow Saw
39:27 Stone Shaft Mining
39:13 Long Swordsman
39:40 Gambesons
42:11 Fortified Wall
42:24 Masonry
46:36 Imperial Age
48:35 Two-Man Saw
47:18 Onager
49:05 Chemistry
48:27 Ballistics
49:49 Halberdier
49:50 Two-Handed Swordsman
51:34 Blast Furnace
51:04 Plate Mail Armor
50:19 Elite Organ Gun
melauta
13:25 Feudal Age
18:32 Double-Bit Axe
23:35 Castle Age
23:40 Town Watch
24:57 Gold Mining
25:31 Scale Barding Armor
27:10 Forging
29:26 Iron Casting
30:15 Chain Barding Armor
36:34 Wheelbarrow
36:36 Bow Saw
41:06 Caravan
42:28 Hand Cart
43:07 Town Patrol
42:34 Pikeman
43:37 Scale Mail Armor
43:41 Fletching
43:52 Padded Archer Armor
44:06 Squires
49:09 Imperial Age
49:19 Horse Collar
50:09 Ballistics
49:44 Guard Tower
51:15 Chemistry
51:07 Stone Mining
51:22 Loom
51:47 Murder Holes
53:18 Elite Conquistador
56:47 Two-Man Saw
LA TANQUETA
16:51 Feudal Age
17:18 Double-Bit Axe
24:39 Castle Age
25:52 Stone Mining
27:04 Wheelbarrow
26:49 Bow Saw
31:08 Horse Collar
33:13 Gold Mining
34:08 Hand Cart
37:36 Heavy Plow
40:50 Imperial Age
40:36 Pikeman
41:52 Perfusion
42:14 Conscription
43:29 Two-Man Saw
43:58 Caravan
44:37 Stone Shaft Mining
44:02 Halberdier
44:57 Fletching
47:44 Chemistry
46:59 Squires
47:43 Bodkin Arrow
47:58 Forging
53:26 Bracer
54:02 Iron Casting
53:27 Scale Mail Armor
53:29 Padded Archer Armor
mendiallianza
0:32 Loom
10:46 Feudal Age
12:11 Wheelbarrow
12:35 Double-Bit Axe
13:44 Town Watch
13:48 Horse Collar
24:34 Castle Age
25:56 Bow Saw
26:08 Hand Cart
26:00 Heavy Plow
27:34 Town Patrol
32:35 Forging
32:26 Scale Mail Armor
37:55 Caravan
38:17 Chain Mail Armor
38:38 Iron Casting
37:53 Fletching
38:04 Padded Archer Armor
38:10 Scale Barding Armor
38:06 Gold Mining
38:08 Stone Mining
41:36 Gold Shaft Mining
43:46 Imperial Age
44:38 Chain Barding Armor
44:14 Bodkin Arrow
44:34 Leather Archer Armor
45:03 Tusk Swords
45:04 Double Crossbow
45:25 Conscription
44:26 Elite Ballista Elephant
47:44 Chemistry
47:05 Ballistics
47:28 Plate Barding Armor
47:54 Blast Furnace
46:55 Bracer
47:26 Ring Archer Armor
Connection lost

Rejoining the realm…

Still unreachable

The connection could not be restored.

Session expired

The server has moved on; the page needs a fresh start.